 Dungeon Sprint DCSS version 0.20-a0-16-g0876c8e (webtiles) character file.

100 poirepourri the Shield-Bearer (level 4, -8/45 HPs)
             Began as a Deep Dwarf Fighter on Nov 3, 2016.
             Drowned by a water elemental (9 damage)
             ... in the Dungeon (Sprint III: "The Ten Rune Challenge").
             The game lasted 00:00:41 (174 turns).

poirepourri the Shield-Bearer (Deep Dwarf Fighter)   Turns: 174, Time: 00:00:42

Health: -8/45      AC:  7    Str: 20    XL:     4   Next: 47%
Magic:  4/4        EV:  8    Int:  9    God:
Gold:   20         SH: 10    Dex: 12    Spells: 0 memorised, 3 levels left

rFire  . . .     SeeInvis .     a - +0 war axe
rCold  . . .     Gourm    .     b - +0 scale mail
rNeg   . . .     Faith    .     c - +0 shield
rPois  .         Spirit   .     (no helmet)
rElec  .         Reflect  .     (no cloak)
rCorr  .         Harm     .     (no gloves)
MR     .....     NoTele   +     (no boots)
Stlth  ..........               (no amulet)
                                (no ring)
                                (no ring)

@: engulfed (cannot breathe), non-regenerating
A: damage resistance, recharge devices, sense surroundings 1, slow regeneration
3
a: Device Recharging


You were in the Dungeon.
You were not hungry.

You visited 1 branch You collected 20 gold pieces.

Inventory:

Hand Weapons
 a - a +0 war axe (weapon)
Armour
 b - a +0 scale mail (worn)
 c - a +0 shield (worn)
Wands
 e - a wand of heal wounds (0/9)
Scrolls
 l - a scroll of blinking
 m - 2 scrolls of remove curse
Potions
 d - a potion of might
 g - 2 potions of curing
 h - a potion of heal wounds
 i - a potion of haste
 j - 2 potions of magic
 k - 2 potions of berserk rage
 n - a potion of degeneration
 o - 2 potions of mutation
 r - a potion of cure mutation
 t - 2 potions of flight
Comestibles
 f - 3 bread rations


   Skills:
 + Level 4.9 Fighting
 + Level 4.4 Axes
 + Level 5.8 Armour
 + Level 0.2 Dodging
 + Level 6.4 Shields
 + Level 0.6 Evocations


You had 3 spell levels left.
You didn't know any spells.

Dungeon Overview and Level Annotations

Branches:
Dungeon (1/1)

Altars:


Innate Abilities, Weirdness & Mutations

You are resistant to damage.
You can recharge devices by infusing magical energy.
You passively map a small area around you.
You do not regenerate.


Message History

That item cannot be evoked!
Evoke which item? (* to show all) (? for menu, Esc to quit)
Zapping:
e - a wand of heal wounds (1/9)
Press: ? - help, Shift-Dir - straight line, f - you You feel much better.
This wand has 0 charges left.
Your lungs strain for air!
You block the water elemental's attack.
You hit the water elemental.
The water elemental is severely damaged.
Your lungs strain for air!
The water elemental hits you. The water elemental hits you!
You barely miss the water elemental.
The water elemental is severely damaged.
* * * LOW HITPOINT WARNING * * *
Your lungs strain for air!
The water elemental hits you!
* * * LOW HITPOINT WARNING * * *
You hit the water elemental but do no damage.
The water elemental is severely damaged.
You die...

▓▓▓▓▓▓▓▓▓▓ ▓▓▓
#..'...♣.♣♣ ♣.#
#..#......♣ ♣♣.#_ , * *
####.....♣♣ ♣..#, ,
...#....≈♣♣♣♣..###+#+###
...#...≈≈..♣.♣.#........
,
...#.†≈≈≈≈.♣...'@⌠......
##'#..≈≈≈≈≈≈♣..#E..#####
.).#.≈≈≈≈≈≈....#.⌠.# _
...#.≈≈≈≈≈.....#...# ≈≈
...#.≈≈≈.......#+### _ ≈
####...........# _ , ,
...............# *
▓▓▓▓▓▓▓▓▓▓▓▓▓▓▓▓* * ≈ ,≈
≈ , * ,


You could see a water elemental.

Vanquished Creatures
  A scorpion (D)
  Jessica (D)
  A human (D)
  An ooze (D)
  2 rats (D)
6 creatures vanquished.

Vanquished Creatures (others)
  2 draconian scorchers (D)
  3 hellions (D)
  A yaktaur (D)
6 creatures vanquished.

Grand Total: 12 creatures vanquished

Notes
Turn   | Place    | Note
-------+----------+-------------------------------------------
     0 | D        | poirepourri the Deep Dwarf Fighter began the quest for the Orb.
     0 | D        | Reached XP level 1. HP: 20/20 MP: 1/1
    25 | D        | Noticed Jessica
    35 | D        | Killed Jessica
    35 | D        | Reached skill level 4 in Shields
    35 | D        | Reached XP level 2. HP: 30/30 MP: 2/2
    35 | D        | Reached XP level 3. HP: 36/36 MP: 3/3
    82 | D        | Reached skill level 5 in Armour
    82 | D        | Reached skill level 5 in Shields
    89 | D        | Noticed a scorpion
    97 | D        | Killed a scorpion
    97 | D        | Reached skill level 6 in Shields
    97 | D        | Reached XP level 4. HP: 40/45 MP: 4/4
   110 | D        | Killed a white draconian scorcher
   118 | D        | Killed a white draconian scorcher
   147 | D        | Killed a hellion
   147 | D        | Killed a hellion
   148 | D        | Killed a hellion
   163 | D        | Noticed a water elemental
   169 | D        | Killed a yaktaur
   173 | D        | HP: 1/45 [water elemental (11)]
   174 | D        | Drowned by a water elemental

Vault maps used:
D:        dungeon_sprint_mu

Skill      XL: |  1  2  3 |
---------------+----------+-----
Fighting       | 4 |  4.9
Armour         | 4 5 |  5.8
Axes           | 3 4 |  4.4
Shields        | 4 6 |  6.4
Dodging        | |  0.2
Evocations     | |  0.6

Action                   |  1- 3 |  4- 6 || total
-------------------------+-------+-------++-------
Melee: War axe           |    35 |     7 ||    42
Evoke: Wand              |     2 |     3 ||     5
  Use: Scroll            |       |     6 ||     6
Armor: Scale mail        |     7 |     2 ||     9
Dodge: Dodged            |     3 |       ||     3
Block: Shield            |    23 |     4 ||    27
